Map: Jagannatha LE

Players

PureLegacy

  • Race: Terran Terran

Dolan - Winner!

  • Race: Terran Terran

Event: DreamHack SC2 Masters 2021 Winter

VOD

Have the link to the VOD?

Description

Time

  • Played on: Oct. 7, 2021, 6:04 p.m.
  • Length: 19:17

All games in this series

Show
View Real Time Build Order
Export as new Build Order

PureLegacy Terran 

Build Orders: Mech 

Get SALT Encoding   

  12  0:00  SCV  
  13  0:13  SCV  
  14  0:17  Supply Depot  
  14  0:25  SCV  
  15  0:38  SCV  
  15  0:40  Barracks  
  16  0:45  Refinery  
  16  0:52  SCV  
  16  0:56  Refinery  
  17  1:05  SCV  
  18  1:17  SCV  
  19  1:27  Supply Depot, Reaper  
  20  1:33  Orbital Command  
  20  1:47  Factory  
  20  1:59  SCV, Reaper  
  22  2:11  SCV  
  23  2:23  SCV  
  23  2:28  Command Center  
  24  2:37  Supply Depot, Barracks Reactor  
  24  2:40  Hellion  
  24  2:41  SCV  
  27  2:51  Starport  
  27  2:59  SCV  
  27  3:01  Factory Tech Lab  
  28  3:11  SCV  
  28  3:18  Marine x2  
  30  3:23  SCV  
  28  3:27  Cyclone  
  28  3:32  Viking  
  33  3:35  SCV  
  34  3:41  Marine  
  34  3:42  Marine  
  34  3:47  SCV  
  37  3:50  Orbital Command  
  37  3:59  Siege Tank  
  37  4:00  SCV  
  39  4:12  SCV  
  39  4:16  SCV  
  41  4:19  Viking x2  
  45  4:26  SCV  
  45  4:29  Refinery  
  45  4:30  Supply Depot  
  46  4:33  SCV  
  46  4:36  Siege Tank  
  50  4:39  SCV  
  51  4:46  SCV  
  51  4:51  SCV  
  53  4:54  Supply Depot  
  53  4:56  Viking  
  53  4:58  SCV  
  56  5:00  Viking  
  54  5:08  SCV  
  54  5:10  SCV  
  56  5:17  Siege Tank  
  56  5:21  SCV  
  60  5:23  SCV, Command Center  
  61  5:29  Supply Depot, Refinery  
  61  5:33  SCV  
  62  5:36  Liberator  
  62  5:39  SCV  
  66  5:45  SCV, Viking  
  69  5:51  SCV  
  69  5:54  Supply Depot  
  70  5:57  SCV  
  70  6:03  SCV, Engineering Bay  
  72  6:04  Siege Tank  
  75  6:16  SCV x2  
  77  6:20  Factory  
  77  6:21  Factory  
  77  6:26  Supply Depot  
  77  6:29  Viking  
  77  6:32  Viking  
  81  6:34  SCV x2  
  83  6:41  Siege Tank  
  83  6:49  SCV  
  83  6:50  SCV  
  85  6:59  Viking  
  76  7:04  Factory Reactor  
  76  7:07  SCV, Orbital Command  
  70  7:13  Siege Tank  
  70  7:18  SCV  
  70  7:19  SCV  
  70  7:20  Refinery  
  70  7:22  Factory Tech Lab  
  72  7:24  Supply Depot, Refinery  
  72  7:28  Command Center  
  72  7:30  SCV  
  72  7:31  SCV  
  72  7:32  SCV, Sensor Tower  
  75  7:42  SCV  
  75  7:43  Factory, SCV  
  77  7:45  Factory  
  77  7:47  SCV  
  77  7:49  Siege Tank  
  80  7:52  Hellion  
  80  7:53  Hellion  
  80  7:54  Supply Depot  
  80  7:55  SCV, Siege Tank  
  80  7:57  SCV  
  88  8:03  SCV  
  89  8:08  Missile Turret, SCV, Supply Depot  
  89  8:10  Armory  
  91  8:20  SCV x2  
  91  8:21  Siege Tank  
  91  8:22  Hellion x2  
  100  8:27  SCV  
  100  8:29  Sensor Tower  
  100  8:30  Siege Tank, Factory Tech Lab, Factory Reactor  
  100  8:32  SCV x2  
  105  8:36  Liberator  
  108  8:46  SCV x2  
  110  8:49  Hellion x2  
  110  8:53  Siege Tank  
  110  8:54  SCV x2  
  117  8:59  Terran Vehicle Weapons Level 1  
  117  9:00  Viking  
  119  9:05  Siege Tank  
  122  9:10  SCV x2  
  122  9:12  Siege Tank  
  122  9:13  Hellion  
  122  9:14  Hellion x3  
  135  9:19  Supply Depot  
  135  9:20  Supply Depot  
  135  9:28  Siege Tank  
  136  9:37  Siege Tank  
  135  9:40  Hellion x3  
  135  9:41  Hellion  
  135  9:44  Siege Tank  
  140  10:00  Siege Tank  
  140  10:01  Hellion  
  140  10:02  Hellion x2, Refinery  
  140  10:03  Refinery, Sensor Tower  
  140  10:05  Viking x2  
  144  10:12  Hellion  
  144  10:13  Siege Tank  
  145  10:17  Hellion  
  141  10:25  Smart Servos  
  141  10:28  SCV x2  
  142  10:29  SCV  
  142  10:31  Planetary Fortress  
  142  10:37  Siege Tank  
  142  10:40  SCV x2, Sensor Tower  
  147  10:44  SCV  
  147  10:48  Supply Depot  
  147  10:49  Hellion x4  
  156  10:53  Infernal Pre-Igniter  
  156  10:58  SCV  
  156  10:59  Siege Tank  
  156  11:03  Terran Vehicle Weapons Level 2  
  154  11:05  Siege Tank  
  153  11:11  Missile Turret x2  
  153  11:13  Missile Turret  
  153  11:15  SCV x4  
  153  11:17  Viking x2  
  161  11:20  Supply Depot  
  161  11:22  Hi-Sec Auto Tracking  
  161  11:35  Missile Turret x3  
  161  11:36  Missile Turret  
  161  11:37  Missile Turret  
  161  11:39  Missile Turret  
  161  11:46  Siege Tank x2, Sensor Tower  
  164  11:47  Missile Turret  
  164  11:52  Supply Depot  
  164  12:01  Command Center  
  164  12:06  Starport x2  
  155  12:16  Viking x2  
  155  12:19  Siege Tank  
  155  12:22  Supply Depot  
  162  12:28  Siege Tank  
  162  12:29  Siege Tank  
  131  12:44  Starport Reactor  
  131  12:45  Hellion, Starport Reactor  
  131  12:46  Hellion x3  
  131  12:51  Siege Tank  
  138  12:55  Fusion Core, Armory  
  138  12:59  Neosteel Armor  
  138  13:02  SCV x3  
  138  13:03  SCV  
  145  13:06  Supply Depot  
  148  13:16  Hellion x4  
  156  13:25  Terran Vehicle And Ship Armor Level 1  
  156  13:28  Viking x2  
  156  13:29  Viking x2  
  156  13:32  Viking  
  160  13:35  Viking  
  162  13:43  Missile Turret x2  
  162  13:44  Terran Ship Weapons Level 1, Missile Turret  
  162  13:49  Thor  
  162  13:54  Planetary Fortress  
  168  13:56  Missile Turret  
  168  14:01  Viking x2  
  172  14:08  Viking  
  164  14:16  Viking x3  
  145  14:31  Viking  
  145  14:34  Viking  
  145  14:37  Thor  
  153  14:38  Viking  
  145  14:46  Viking x3  
  145  14:50  Thor  
  145  14:51  Siege Tank  
  160  14:58  SCV x5  
  165  15:01  Viking  
  165  15:03  Viking  
  167  15:09  Viking  
  166  15:15  SCV x4  
  166  15:16  Viking  
  166  15:17  Viking x2  
  176  15:23  Siege Tank  
  163  15:37  Viking x2  
  163  15:39  Viking  
  169  15:44  Starport, Terran Vehicle And Ship Armor Level 2  
  169  15:45  Viking  
  169  15:47  Viking x2  
  175  15:54  Terran Ship Weapons Level 2  
  175  16:00  Refinery x2  
  175  16:02  Hellion x2  
  175  16:03  Hellion  
  181  16:05  Hellion  
  181  16:07  Viking x2  
  185  16:14  Siege Tank x2  
  191  16:21  Widow Mine  
  191  16:24  Hellion x3  
  199  16:28  Starport Reactor  
  199  16:46  Command Center x2  
  197  16:58  Viking x2  
  156  17:08  Viking x3  
  156  17:09  Viking x2  
  156  17:12  Siege Tank x3  
  156  17:14  Hellion x4  
  179  17:26  Viking  
  179  17:28  Viking  
  183  17:35  Hellion x3  
  175  17:44  Siege Tank, Viking x4  
  181  17:57  Siege Tank  
  181  17:58  Siege Tank  
  170  18:00  Hellion x4  
  150  18:16  Siege Tank  
  150  18:17  Hellion x3  
  150  18:18  Viking x2  
  150  18:19  Viking  
  159  18:21  Hellion  
  161  18:27  Hellion x3  
  167  18:36  Planetary Fortress  
  167  18:40  Siege Tank  
Show
View Real Time Build Order
Export as new Build Order

Dolan Terran - Winner!

Build Orders:  

Get SALT Encoding   

  12  0:00  SCV  
  13  0:12  SCV  
  14  0:17  Supply Depot  
  14  0:24  SCV  
  15  0:38  SCV  
  15  0:39  Barracks  
  16  0:42  Refinery  
  16  0:50  SCV  
  16  0:52  Refinery  
  17  1:02  SCV  
  18  1:14  SCV  
  19  1:26  Reaper  
  19  1:27  Supply Depot, Orbital Command  
  20  1:43  Factory  
  20  1:54  SCV  
  20  1:59  Reaper  
  22  2:08  SCV  
  24  2:30  Hellion  
  24  2:32  Command Center  
  24  2:37  Reaper  
  24  2:38  SCV  
  24  2:41  Supply Depot  
  26  2:50  Supply Depot  
  26  2:53  Hellion  
  28  3:04  SCV  
  29  3:06  Starport  
  28  3:18  Barracks Reactor, Factory Tech Lab  
  27  3:29  SCV  
  28  3:37  Refinery  
  28  3:41  SCV  
  28  3:44  Starport Tech Lab, Cyclone  
  28  3:45  Orbital Command  
  32  3:53  SCV  
  32  3:55  Marine x2  
  33  4:06  Raven  
  33  4:07  SCV  
  33  4:11  SCV  
  33  4:13  Marine x2  
  36  4:19  SCV  
  36  4:21  Supply Depot  
  36  4:22  Siege Tank  
  36  4:23  SCV  
  41  4:32  SCV, Marine x2  
  41  4:35  SCV  
  45  4:44  SCV  
  46  4:47  SCV, Command Center  
  46  4:51  Raven  
  47  5:07  Marine x2  
  47  5:09  Siege Tank  
  47  5:10  SCV x2  
  54  5:22  SCV x2  
  54  5:25  Supply Depot  
  54  5:26  Refinery  
  56  5:36  Marine x2  
  56  5:39  Raven  
  56  5:42  SCV x2  
  62  5:43  Barracks  
  62  5:44  Barracks  
  62  5:48  Supply Depot  
  62  5:54  SCV x2  
  64  5:58  Siege Tank  
  67  6:06  SCV x2  
  67  6:10  Engineering Bay  
  67  6:11  Engineering Bay  
  69  6:26  SCV x2  
  69  6:30  Siege Tank, Starport Reactor  
  75  6:33  Orbital Command  
  75  6:37  Barracks Tech Lab  
  75  6:38  SCV x2  
  76  6:40  Terran Infantry Weapons Level 1, Terran Infantry Armor Level 1  
  76  6:50  SCV x2  
  66  7:04  Siege Tank  
  66  7:05  Marauder, Marine x2  
  66  7:06  Marauder, SCV x3  
  77  7:11  Barracks x2  
  68  7:18  SCV x3  
  68  7:20  Combat Shield  
  68  7:21  Stimpack  
  70  7:30  SCV x3, Armory  
  70  7:37  Refinery x2  
  73  7:38  Supply Depot  
  73  7:39  Marauder x2, Marine x2  
  79  7:46  Siege Tank  
  82  7:52  SCV x3  
  82  7:53  Supply Depot  
  82  7:54  Supply Depot  
  85  8:00  Barracks Tech Lab, Barracks Reactor  
  85  8:01  Marine x2  
  85  8:02  Marauder x2  
  91  8:06  SCV x3  
  94  8:15  Medivac x2  
  98  8:26  Marine  
  98  8:27  Marauder x3, SCV, Marine  
  104  8:28  SCV x2  
  109  8:37  Concussive Shells  
  109  8:40  SCV x3  
  112  8:42  Command Center, Marine x2  
  112  8:44  Marine  
  121  8:48  Marauder x3  
  121  8:52  SCV x2  
  121  8:53  Medivac  
  125  9:04  Supply Depot  
  125  9:06  Supply Depot x2  
  125  9:08  Supply Depot  
  125  9:17  Marine x2  
  125  9:18  Marauder x2, SCV x2  
  133  9:25  Medivac, Marine x2  
  133  9:26  Marauder, SCV  
  133  9:27  Siege Tank  
  133  9:30  Terran Infantry Weapons Level 2, Medivac, Terran Infantry Armor Level 2  
  145  9:34  SCV x2  
  145  9:38  SCV  
  148  9:39  Marauder x2  
  148  9:41  Marine x2  
  152  10:04  Marauder x3, Marine x4  
  132  10:15  Medivac x2, Siege Tank  
  132  10:16  SCV x4  
  135  10:26  Marauder x2  
  135  10:27  Marauder, Marine x4  
  135  10:28  SCV  
  131  10:31  Planetary Fortress  
  131  10:32  Barracks  
  131  10:33  SCV x2  
  131  10:34  Barracks  
  133  10:36  Barracks  
  133  10:40  SCV  
  134  10:44  Supply Depot  
  134  10:47  Marauder x2, Marine x4  
  134  10:48  Siege Tank  
  145  10:50  Medivac x2  
  145  10:51  Marauder  
  151  11:01  Starport x2  
  151  11:05  Marine  
  151  11:08  Marauder  
  151  11:09  Sensor Tower  
  154  11:13  Starport, Terran Ship Weapons Level 1  
  154  11:14  Starport  
  154  11:15  Marine x4  
  154  11:16  Marine  
  159  11:22  Viking x2  
  159  11:23  Marine  
  164  11:29  Marine  
  164  11:30  Refinery, Command Center  
  164  11:32  Refinery  
  161  11:47  Starport Reactor x2  
  161  12:03  Viking x2  
  161  12:04  Starport Reactor x2  
  157  12:22  Siege Tank  
  157  12:23  Barracks Tech Lab x2, Barracks Reactor  
  157  12:25  Marauder x2, Marine x3  
  157  12:26  Marauder, Marine  
  157  12:27  Viking x3  
  157  12:28  Viking  
  150  12:43  Marine x3  
  150  12:44  Viking x3  
  132  12:47  Marauder x3  
  132  12:48  Marauder x2, Marine  
  145  12:54  Siege Tank  
  148  13:01  Marine x3  
  148  13:02  Marine x2  
  148  13:03  Viking x2  
  157  13:08  Marauder x2  
  157  13:09  Command Center x2  
  161  13:13  Marauder x2, Marine x2  
  161  13:19  Marine  
  167  13:22  Viking x2  
  167  13:23  Viking x3  
  167  13:26  Siege Tank  
  180  13:29  Marauder  
  182  13:34  Orbital Command  
  182  13:40  Terran Ship Weapons Level 2, Viking  
  182  13:41  Viking  
  186  13:45  Refinery  
  186  13:49  Viking x3  
  192  13:56  Smart Servos  
  192  14:03  Refinery  
  168  14:18  Viking  
  168  14:19  Liberator  
  168  14:21  Fusion Core, Viking  
  168  14:22  Viking  
  161  14:36  Viking x3  
  151  14:39  Liberator  
  151  14:42  SCV x2  
  151  14:45  Viking  
  154  14:48  Viking  
  154  14:49  Marine x3  
  154  14:50  Marine x6  
  165  14:54  Orbital Command  
  165  15:02  Liberator x3  
  172  15:11  Advanced Ballistics  
  169  15:16  Liberator x2  
  169  15:18  Marine x7  
  169  15:20  Marauder x3  
  169  15:21  Refinery  
  188  15:22  Refinery  
  175  15:40  Siege Tank  
  175  15:41  Liberator x3  
  183  15:43  Marine  
  183  15:44  Marauder x3, Marine x4  
  194  15:54  Liberator  
  197  16:03  Orbital Command  
  191  16:15  Liberator x3  
  198  16:34  Terran Ship Weapons Level 3  
  198  16:41  Viking  
  170  17:07  Marauder  
  170  17:08  Marauder x4, Marine x2  
  155  17:16  Marine x2  
  155  17:17  Marine x2  
  155  17:18  Viking  
  155  17:19  Liberator x6, Viking x3  
  185  17:25  Marine x2  
  185  17:29  Marauder x5  
  186  17:38  Siege Tank  
  186  17:39  Marine x3  
  190  17:48  Liberator x2, Marine x3  
  190  17:50  Marauder x2  
  198  17:58  Marauder x2, Marine x3  
  182  17:59  Marauder, Viking x2  
  182  18:02  Viking  
  177  18:08  Liberator x2, Viking  
  177  18:09  Liberator, Viking  
  177  18:10  Marine  
  177  18:12  Marauder x2  
  197  18:20  Marauder, Siege Tank, Marine  
  197  18:21  Marauder  
  197  18:22  Orbital Command  

Tags
 
Add a new tag
Caveats
  • Supply blocks, unpowered buildings, or Contaminate may cause inaccurate times.
  • Supply counts are checked every 10 seconds.